 Dungeon Crawl Stone Soup version 0.27-a0-1193-g8631133539 (webtiles) character file.

Game seed: 5714760377106983669

59 Hasart the Chopper (level 3, -2/31 HPs)
             Began as a Demigod Fighter on May 24, 2021.
             Slain by an iguana (8 damage)
             ... on level 3 of the Dungeon on May 25, 2021.
             The game lasted 00:04:18 (2738 turns).

Hasart the Chopper (Demigod Fighter)                Turns: 2738, Time: 00:04:19

Health: -2/31      AC:  6    Str: 21    XL:     3   Next: 54%
Magic:  5/5        EV:  7    Int: 10    God:
Gold:   103        SH:  9    Dex: 13    Spells: 2/2 levels left

rFire    . . .     SeeInvis .   a - +0 war axe
rCold    . . .     Faith    .   c - +0 kite shield
rNeg     . . .     Spirit   .   b - +0 scale mail
rPois    .         Reflect  .   (no helmet)
rElec    .         Harm     .   (no cloak)
rCorr    .         Rampage  .   (no gloves)
Will     .....                  (no boots)
Stlth    ..........             (no amulet)
HPRegen  0.10/turn              (no ring)
MPRegen  0.09/turn              (no ring)

@: no status effects
A: high mp 1, forlorn
a: no special abilities


You were on level 3 of the Dungeon.
You visited 1 branch of the dungeon, and saw 3 of its levels.

You collected 103 gold pieces.

Inventory:

Hand Weapons
 a - a +0 war axe (weapon)
Armour
 b - a +0 scale mail (worn)
 c - a +0 kite shield (worn)
Scrolls
 e - a scroll of vulnerability {unknown}
 g - a scroll of enchant armour {unknown}
 h - 3 scrolls of identify {unknown}
 j - a scroll of brand weapon {unknown}
 k - a scroll of amnesia {unknown}
Potions
 d - a potion of might
 f - a potion of curing {unknown}
 i - 2 potions of heal wounds {unknown}
 l - a potion of resistance {unknown}


   Skills:
 + Level 3.2 Fighting
 * Level 3.3 Axes
 - Level 2.6 Armour
 - Level 2.6 Shields


You had 2 spell levels left.
You didn't know any spells.
Your spell library was empty.

Dungeon Overview and Level Annotations

Branches:
Dungeon (3/15)

Annotations:
D:2 1 runed translucent door, Crazy Yiuf


Innate Abilities, Weirdness & Mutations

Your attributes grow dramatically as you level up.
You have an increased reservoir of magic. (+10% MP)
You shall have no god before yourself.


Message History

You kill the endoplasm!
You block the bat's attack. x2
Unknown command.
You closely miss the goblin. You slash the bat!
You kill the bat!
The goblin unwields a +0 hunting sling.
The goblin wields a +0 club.
You block the goblin's attack.
Unknown command.
You closely miss the goblin. The goblin barely misses you.
The goblin hits you but does no damage.
Unknown command.
You slash the goblin!
You kill the goblin!
Unknown command.
No target in view!
Unknown command.
No target in view!
Welcome back, Hasart the Demigod Fighter.
Press ? for a list of commands and other information.
An iguana comes into view.
Welcome back, Hasart the Demigod Fighter.
Press ? for a list of commands and other information.
An iguana is nearby!
The iguana hisses angrily.
You barely miss the iguana. The iguana bites you.
You closely miss the iguana. You block the iguana's attack.
The iguana bites you!
You barely miss the iguana. You block the iguana's attack. x2
You closely miss the iguana. You block the iguana's attack.
You slash the iguana!
The iguana is severely wounded.
The iguana bites you. The iguana bites you!
* * * LOW HITPOINT WARNING * * *
You barely miss the iguana.
The iguana is severely wounded.
You block the iguana's attack.
You barely miss the iguana.
The iguana is severely wounded.
The iguana bites you!
You die...

#######.........#.#
........#.....#.#.###
#######.###.........#
#.# #.....###.####
#.###.###.###....## .
#.##..# ##.##.###<#..
#.##..# #..........#
#.##..# ##l##.#.#.###
#.# #.###@# #.†..####
#.....###.......#
#..†......#.#####
#....(.##.##.#.#
#......##.##.#.#
#........##(##.# #
..#.......#.##.# #
#.......!.##.#
#.....$...##.#


You could see an iguana.

Vanquished Creatures
  A worm (D:3)
  2 ball pythons (D:1)
  A bat (D:3)
  5 endoplasms
  3 giant cockroaches (D:1)
  9 goblins
  8 hobgoblins
  3 jackals (D:1)
  4 kobolds
  A quokka (D:1)
  4 frilled lizards
  7 rats
48 creatures vanquished.

Notes
Turn   | Place    | Note
-------+----------+-------------------------------------------
     0 | D:1      | Hasart the Demigod Fighter began the quest for the Orb.
     0 | D:1      | Reached XP level 1. HP: 18/18 MP: 3/3
   390 | D:1      | Reached XP level 2. HP: 25/25 MP: 4/4
   889 | D:1      | Reached XP level 3. HP: 22/31 MP: 5/5
  2363 | D:2      | Noticed a phantom
  2417 | D:2      | Found a runed translucent door.
  2418 | D:2      | Noticed Crazy Yiuf
  2674 | D:3      | Upgraded the game from 0.27-a0-1191-g601b473118 to
                  | 0.27-a0-1193-g8631133539
  2738 | D:3      | Slain by an iguana

Illustrated notes

Levels and vault maps discovered:
D:1:      tarquinn_simple_flora_water_f, layout_basic, minmay_cut_off
D:2:      layout_basic, serial_forest, infiniplex_forest_clump_cross,
          infiniplex_forest_clump_tiny, infiniplex_forest_lined_room_,
          infiniplex_forest_zigzag_1, infiniplex_forest_join,
          infiniplex_forest_lined_room_2, infiniplex_forest_pool,
          infiniplex_forest_end_1, infiniplex_forest_lined_3,
          lightli_corner_chamber, uniq_crazy_yiuf_cottage
D:3:      layout_loops_ring, shapermc_ecumenical_altar_mp_highgroup,
          kennysheep_nub

Skill      XL: |  1  2  3 |
---------------+----------+-----
Axes           | 2 3 |  3.3
Fighting       | 3 |  3.2
Armour         | |  2.6
Shields        | |  2.6

Action                   || total
-------------------------++-------
Melee: War axe           ||   144
Armor: Scale mail        ||    56
Dodge: Dodged            ||    35
Block: Kite shield       ||    87

Table legend: (Time is in decaauts)
 A = Elapsed time spent in this place.
 B = Non-inter-level travel time spent in this place.
 C = Inter-level travel time spent in this place.
 D = Time resting spent in this place.
 E = Time spent auto-exploring this place.
 F = Levels seen in this place.
 G = Mean time per level.
                   A        B        C        D        E       F      G
               +--------+--------+--------+--------+--------+-----+--------+
         Total |   2827 |   2697 |    130 |      0 |   2319 |   3 |  942.3 |
       Dungeon |   2827 |   2697 |    130 |      0 |   2319 |   3 |  942.3 |
               +--------+--------+--------+--------+--------+-----+--------+

Top non-repeatable levels by time:
     D:1: 1590 daAuts
     D:2: 1054 daAuts
     D:3: 181 daAuts
